 Dungeon Sprint DCSS version 0.29.1-1-gd02db6906a (webtiles) character file.

Game seed: 6017205292617881721

8000000 Groucho the Intangible (level 25, -39/163 HPs)
             Began as a Spriggan Abyssal Knight on Oct 14, 2022.
             Was the Champion of Makhleb.
             Annihilated by The Servant
             ... wielding a +9 glaive of flaming
              (118 damage)
             ... in the Dungeon (Sprint VIII: "Arena of Blood").
             The game lasted 00:04:57 (80 turns).

Groucho the Intangible (Spriggan Abyssal Knight)      Turns: 80, Time: 00:04:57

Health: -39/163    AC:  4    Str:  9    XL:     25   Next: 1%
Magic:  18/55      EV: 50    Int: 13    God:    Makhleb [******]
Gold:   0          SH:  0    Dex: 26    Spells: 78/78 levels left

rFire   . . .      SeeInvis +   i - +∞ Axe of Woe
rCold   . . .      Faith    .   (shield currently unavailable)
rNeg    . . .      Spirit   .   b - +0 robe
rPois   .          Reflect  .   (helmet restricted)
rElec   .          Harm     .   (no cloak)
rCorr   .          Rampage  .   (gloves unavailable)
Will    ++++.      NoTele   +   (boots unavailable)
Stlth   ++........              (no amulet)
HPRegen 0.37/turn               l - +250 ring of slaying
MPRegen 0.34/turn               (no ring)

@: very quick
A: very small, no large weapons, unfitting armour, see invisible, speed 3
a: Renounce Religion, Minor Destruction, Lesser Servant of Makhleb, Major
Destruction, Greater Servant of Makhleb


You were in the Dungeon.
You worshipped Makhleb.
Makhleb was exalted by your worship.
You visited 1 branch

Inventory:

Hand Weapons
 a - a +1 hand axe
 i - the +∞ Axe of Woe (weapon)
   (You found it in the Dungeon)
Armour
 b - a +0 robe (worn)
Jewellery
 d - a +200 ring of slaying
 j - a +30 ring of slaying
 k - a +30 ring of slaying
 l - a +250 ring of slaying (left hand)
 m - a +250 ring of slaying
Scrolls
 h - a scroll of blinking
Potions
 c - a potion of curing
 e - a potion of haste
 f - 2 potions of magic
 g - a potion of berserk rage


   Skills:
 O Level 27 Fighting
 O Level 27 Short Blades
 O Level 27 Long Blades
 O Level 27 Axes
 * Level 23.8(27) Maces & Flails
 * Level 20.8(27) Polearms
 * Level 23.8(27) Staves
 O Level 27 Ranged Weapons
 O Level 27 Throwing
 O Level 27 Armour
 O Level 27 Dodging
 * Level 16.9 Shields
 O Level 27 Unarmed Combat
 O Level 27 Spellcasting
 O Level 27 Invocations
 O Level 27 Evocations


You had 78 spell levels left.
You didn't know any spells.
Your spell library was empty.

Dungeon Overview and Level Annotations

Branches:
Dungeon (1/1)

Altars:
Makhleb

Annotations:
D The Servant


Innate Abilities, Weirdness & Mutations

You are very small and have problems with some larger weapons.
You are too small for most types of armour.
You have supernaturally acute eyesight. (SInv)
You cover ground extremely quickly. (Speed+++)


Message History

You hear a shout! x7
The eight-headed meat hydra calls on the powers of darkness!
The eight-headed meat hydra convulses!
The bag of meat convulses! x2
The Servant convulses!
The bag of meat convulses! x2
Your body is wracked with pain!
The bag of meat convulses! x2
The meat berserker convulses!
The bag of meat convulses! x3
The Servant completely misses you.
You hear two shouts!
You hear a shout!
Your base Maces & Flails skill increases to level 23!
Your base Polearms skill increases to level 20!
Your base Staves skill increases to level 23!
Your Shields skill gained 2 levels and is now at level 16!
You have reached level 25!
You feel agile.
Unknown command.
You carve the bag of meat like a ham!!!!
You pulverise the bag of meat into a thin bloody mist.
You blow up the bag of meat!
Makhleb accepts your kill.
You feel better.
You hear a shout! x5
A bag of meat comes into view. It is wielding a +9 war axe.
The accursed casts a spell at you. Something smites you!
You hear a shout!
Unknown command.
Unknown command.
Really walk into that cloud of flame?
Okay, then.
Really walk into that cloud of flame?
A bag of meat, a sculptor of flesh and a meat beast come into view.
You are engulfed in blazing flames.
The bag of meat shouts!
You hear a shout!
The meat berserker barely misses you.
A destroyer comes into view. It is wielding a +9 vorpal great sword.
A meat berserker comes into view. It is wielding a +9 battleaxe.
You hear a shout!
The Servant hits you with a +9 glaive of flaming!!!!
Ouch! That really hurt!
You die...

O.. ..... #..
...# V #.. ...#
. .o###..
...###..
.....o###o...2.
.§.Do○_......
#@○2o)# #_@☼)_#
#O)))O#
.o....○_).oo.Mo.
..o...###Wo.....
z.###o. .o.###..
. #.. ...# . #..
..o# ... .....
.. ....


You could see an accursed, 2 meat beasts, The Servant, an eight-headed meat
hydra, a destroyer, a sculptor of flesh, 3 meat berserkers, a wretched soul
(invisible) and 11 bags of meat.

Vanquished Creatures
  A royal mummy (D)
  2 wraiths (D)
  6 vampire knights (D)
  29 ogres (D)
  6 two-headed ogres (D)
  40 orcs (D)
  4 skeletal warriors (D)
88 creatures vanquished.

Notes
Turn   | Place    | Note
-------+----------+-------------------------------------------
     0 | D        | Found the +∞ Axe of Woe
     0 | D        | Groucho the Spriggan Abyssal Knight began the quest for the
                  | Orb.
     0 | D        | Reached XP level 1. HP: 11/11 MP: 3/3
     2 | D        | Noticed a bag of meat
     4 | D        | Fell from the grace of Lugonu
     4 | D        | Became a worshipper of Makhleb the Destroyer
     4 | D        | Noticed a bag of meat
     5 | D        | Noticed a meat berserker
     7 | D        | Killed a bag of meat
     7 | D        | Killed a meat berserker
     7 | D        | Reached * piety under Makhleb
     7 | D        | Noticed a bag of meat
     7 | D        | Noticed a bag of meat
     8 | D        | Reached skill level 10 in Invocations
     8 | D        | Reached XP level 2. HP: 35/35 MP: 3/9
     8 | D        | Reached XP level 3. HP: 39/39 MP: 3/10
     8 | D        | Reached XP level 4. HP: 44/44 MP: 3/12
     8 | D        | Reached XP level 5. HP: 49/49 MP: 3/13
     8 | D        | Reached XP level 6. HP: 54/54 MP: 3/14
     8 | D        | Reached XP level 7. HP: 58/58 MP: 3/15
     8 | D        | Reached XP level 8. HP: 64/64 MP: 3/16
     8 | D        | Reached XP level 9. HP: 68/68 MP: 3/17
     8 | D        | Reached XP level 10. HP: 74/74 MP: 3/18
     8 | D        | Reached XP level 11. HP: 78/78 MP: 3/19
     8 | D        | Reached XP level 12. HP: 83/83 MP: 3/20
     8 | D        | Noticed a bag of meat
    10 | D        | Killed a bag of meat
    11 | D        | Reached XP level 13. HP: 88/88 MP: 3/21
    11 | D        | Killed a bag of meat
    12 | D        | Reached skill level 15 in Axes
    15 | D        | Noticed a bag of meat
    15 | D        | Noticed a bag of meat
    15 | D        | Noticed a bag of meat
    16 | D        | Killed a bag of meat
    16 | D        | Reached ** piety under Makhleb
    16 | D        | Noticed a bag of meat
    17 | D        | Killed a bag of meat
    18 | D        | Reached skill level 27 in Dodging
    18 | D        | Reached XP level 14. HP: 93/93 MP: 4/22
    18 | D        | Noticed a meat berserker
    20 | D        | Killed a bag of meat
    20 | D        | Noticed a large bag of meat
    20 | D        | Noticed a bag of meat
    21 | D        | Noticed a bag of meat
    21 | D        | Noticed a large bag of meat
    22 | D        | Noticed a meat berserker
    23 | D        | Killed a large bag of meat
    23 | D        | Reached *** piety under Makhleb
    23 | D        | Killed a meat berserker
    23 | D        | Killed a bag of meat
    24 | D        | Reached XP level 15. HP: 46/105 MP: 5/23
    24 | D        | Noticed a meat berserker
    24 | D        | Noticed a large bag of meat
    24 | D        | Noticed a meat berserker
    25 | D        | Noticed a destroyer
    26 | D        | Noticed a large bag of meat
    26 | D        | Killed a destroyer
    26 | D        | Reached **** piety under Makhleb
    26 | D        | Killed a large bag of meat
    26 | D        | Noticed a meat berserker
    26 | D        | Noticed a meat berserker
    27 | D        | Reached skill level 27 in Fighting
    27 | D        | Reached skill level 27 in Axes
    27 | D        | Reached XP level 16. HP: 59/116 MP: 5/27
    27 | D        | Killed a meat berserker
    27 | D        | Noticed a meat berserker
    28 | D        | Reached skill level 15 in Invocations
    28 | D        | Noticed a meat berserker
    30 | D        | Killed a meat berserker
    30 | D        | Reached ***** piety under Makhleb
    30 | D        | Noticed a meat berserker
    30 | D        | Noticed a meat berserker
    31 | D        | Reached XP level 17. HP: 114/121 MP: 6/40
    32 | D        | Killed a meat berserker
    32 | D        | Killed a meat berserker
    32 | D        | Noticed a meat berserker
    32 | D        | Noticed a meat berserker
    33 | D        | Killed a meat berserker
    34 | D        | Reached skill level 27 in Spellcasting
    34 | D        | Killed a meat berserker
    35 | D        | Reached skill level 27 in Invocations
    35 | D        | Reached XP level 18. HP: 127/127 MP: 7/50
    35 | D        | Killed a meat berserker
    35 | D        | Noticed a meat berserker
    36 | D        | Killed a meat berserker
    36 | D        | Reached ****** piety under Makhleb
    37 | D        | Reached skill level 15 in Unarmed Combat
    37 | D        | Noticed a destroyer
    37 | D        | Killed a destroyer
    37 | D        | Killed a meat berserker
    37 | D        | Noticed a meat berserker
    38 | D        | Reached XP level 19. HP: 132/132 MP: 7/51
    38 | D        | Killed a large bag of meat
    38 | D        | Killed a meat berserker
    39 | D        | Killed a meat berserker
    39 | D        | Noticed a meat berserker
    40 | D        | Noticed a destroyer
    41 | D        | Reached XP level 20. HP: 136/137 MP: 8/52
    41 | D        | Killed a large bag of meat
    41 | D        | Noticed a large bag of meat
    42 | D        | Reached skill level 27 in Armour
    42 | D        | Reached skill level 27 in Unarmed Combat
    42 | D        | Reached skill level 1 in Long Blades
    42 | D        | Reached skill level 1 in Throwing
    42 | D        | Killed a meat berserker
    43 | D        | Killed a destroyer
    44 | D        | Noticed a meat berserker
    44 | D        | Killed a meat berserker
    45 | D        | Reached XP level 21. HP: 132/142 MP: 9/53
    46 | D        | Reached skill level 15 in Long Blades
    48 | D        | Reached skill level 27 in Short Blades
    51 | D        | Noticed a destroyer
    51 | D        | Noticed a large bag of meat
    56 | D        | Reached skill level 27 in Throwing
    56 | D        | Reached XP level 22. HP: 70/148 MP: 12/54
    57 | D        | Noticed a destroyer
    58 | D        | Killed a large bag of meat
    60 | D        | Reached skill level 10 in Maces & Flails
    60 | D        | Reached skill level 10 in Staves
    60 | D        | Killed a destroyer
    60 | D        | Noticed an accursed
    61 | D        | Reached skill level 15 in Ranged Weapons
    62 | D        | Reached XP level 23. HP: 141/153 MP: 13/55
    62 | D        | Killed a large bag of meat
    62 | D        | Killed a destroyer
    62 | D        | Noticed a destroyer
    63 | D        | Reached skill level 15 in Maces & Flails
    63 | D        | Reached skill level 15 in Staves
    63 | D        | Noticed The Servant
    65 | D        | Reached skill level 27 in Long Blades
    65 | D        | Reached skill level 27 in Evocations
    66 | D        | Killed an accursed
    67 | D        | Reached skill level 15 in Polearms
    67 | D        | Reached XP level 24. HP: 62/158 MP: 14/55
    67 | D        | Killed a destroyer
    68 | D        | Reached skill level 10 in Shields
    68 | D        | Noticed a dread
    69 | D        | Noticed a dread
    72 | D        | Noticed an accursed
    74 | D        | Noticed a meat beast
    75 | D        | Killed a dread
    76 | D        | Reached skill level 27 in Ranged Weapons
    78 | D        | Killed a dread
    79 | D        | Reached XP level 25. HP: 82/163 MP: 17/55
    80 | D        | Noticed a meat beast
    80 | D        | Noticed a destroyer
    80 | D        | Annihilated by The Servant

Illustrated notes

Levels and vault maps discovered:
D:        meatsprint

Skill      XL: |  1  2  3  4  5  6  7  8  9 10 11 12 13 14 15 16 17 18 19 20 21 22 23 24 |
---------------+-------------------------------------------------------------------------+-----
Fighting       | 19 23 27 | 27.0
Axes           | 11 13 18 24 27 | 27.0
Dodging        | 20 22 27 | 27.0
Invocations    | 10 11 18 27 | 27.0
Spellcasting   | 6 18 27 | 27.0
Armour         | 7 18 24 27 | 27.0
Unarmed Combat | 8 19 26 27 | 27.0
Short Blades   | 25 27 | 27.0
Long Blades    | 14 23 25 27 | 27.0
Throwing       | 17 27 | 27.0
Maces & Flails | 13 19 23 | 23.8
Polearms       | 9 15 20 | 20.8
Staves         | 13 19 23 | 23.8
Ranged Weapons | 16 24 27 | 27.0
Evocations     | 21 27 | 27.0
Shields        | 7 16 | 16.9

Action                   |  1- 3 |  4- 6 |  7- 9 | 10-12 | 13-15 | 16-18 | 19-21 | 22-24 | 25-27 || total
-------------------------+-------+-------+-------+-------+-------+-------+-------+-------+-------++-------
Melee: Broad axe         |     1 |       |       |     1 |     6 |     9 |    14 |    19 |     1 ||    51
  Use: Potion            |       |       |       |       |     1 |       |       |       |       ||     1
Dodge: Dodged            |       |       |       |       |       |       |       |     2 |     1 ||     3
